 Dungeon Crawl Stone Soup version 0.18-a0-1378-g7babcad (webtiles) character file.

1356 Oddball22 the Stinger (level 8, -3/46 HPs)
             Began as an Octopode Venom Mage on Feb 22, 2016.
             Was an Initiate of Sif Muna.
             Killed by nerve-wracking pain
             ... invoked by an orc priest
              (8 damage)
             ... on level 5 of the Dungeon.
             The game lasted 00:20:30 (6549 turns).

Oddball22 the Stinger (Octopode Venom Mage)         Turns: 6549, Time: 00:20:30

Health: -3/46      AC:  1    Str:  7    XL:     8   Next: 64%
Magic:  14/15      EV: 12    Int: 19    God:    Sif Muna [......]
Gold:   227        SH:  0    Dex: 13    Spells: 5 memorised, 2 levels left

rFire  . . .     SeeInvis .     b - +2 war axe (elec)
rCold  . . .     Gourm    .     (no shield)
rNeg   . . .     Faith    .     (helmet restricted)
rPois  .         Spirit   .     (no amulet)
rElec  .         Dismiss  .     p - ring of wizardry
rCorr  .         Reflect  .     (no ring)
SustAt .         Harm     .     (no ring)
MR     .....                    (no ring)
Stlth  +++++.....               (no ring)
                                (no ring)
                                (no ring)
                                (no ring)

@: not resistant to hostile enchantments, quite stealthy
A: almost no armour, amphibious, 8 rings, constrict 8, camouflage 1, gelatinous
body 1, subdued magic 1
a: Renounce Religion


You were on level 5 of the Dungeon.
You worshipped Sif Muna.
Sif Muna was noncommittal.
You were not hungry.

You visited 2 branches of the dungeon, and saw 6 of its levels.

You collected 227 gold pieces.

Inventory:

Hand Weapons
 a - a +0 blowgun
 b - a +2 war axe of electrocution (weapon)
 c - a +0 dagger of venom
 j - a +0 dagger of protection
Missiles
 d - 38 poisoned needles
 o - 3 tomahawks (quivered)
Magical Staves
 A - an uncursed staff of death
Jewellery
 p - a ring of wizardry (left tentacle)
Wands
 e - a wand of confusion (19/48)
Scrolls
 f - a scroll of teleportation {unknown}
 i - a scroll of random uselessness {unknown}
 k - 3 scrolls of identify
 m - 5 scrolls of fog {unknown}
 n - 2 scrolls of remove curse {unknown}
 q - a scroll of enchant weapon
 r - 2 scrolls of fear {unknown}
 v - 2 scrolls of recharging {unknown}
 x - a scroll of holy word {unknown}
 y - 3 scrolls of magic mapping {unknown}
Potions
 t - 2 potions of might {unknown}
 u - a potion of haste {unknown}
 z - a potion of cure mutation {unknown}
 C - a potion of degeneration {unknown}
Books
 g - a Young Poisoner's Handbook

   Spells                             Type                      Level
   a - Sting                          Conjuration/Poison           1
   b - Cure Poison                    Poison                       2
   c - Mephitic Cloud                 Conjuration/Poison/Air       3
   d - Olgreb's Toxic Radiance        Poison                       4
   e - Venom Bolt                     Conjuration/Poison           5
Comestibles
 h - 4 bread rations
 l - a beef jerky
 s - 5 fruits
 w - a meat ration
 B - 5 chunks of flesh


   Skills:
 - Level 2.0 Dodging
 - Level 6.5 Stealth
 - Level 5.2 Spellcasting
 + Level 3.9 Conjurations
 + Level 3.7 Air Magic
 * Level 7.7 Poison Magic


You had 2 spell levels left.
You knew the following spells:

 Your Spells              Type           Power        Failure   Level  Hunger
a - Sting                 Conj/Pois      ###.         1%          1    None
b - Cure Poison           Pois           ###.......   1%          2    #......
c - Mephitic Cloud        Conj/Pois/Air  ###.....     1%          3    ##.....
d - Olgreb's Toxic Radia  Pois           ###.....     1%          4    ####...
e - Venom Bolt            Conj/Pois      ###.......   9%          5    ######.


Dungeon Overview and Level Annotations

Branches:
Dungeon (5/15)             Temple (1/1) D:5

Altars:
Ashenzari
Cheibriados
Gozag
Kikubaaqudgha
Makhleb
Nemelex Xobeh
Pakellas
Sif Muna
Trog
Vehumet
Xom
Yredelemnul

Annotations:
D:3 emkar's ghost, amateur GrEE


Innate Abilities, Weirdness & Mutations

You cannot wear most types of armour.
You are amphibious.
You can wear up to eight rings at the same time.
You can use your tentacles to constrict eight enemies at once.
Your skin changes colour to match your surroundings (Stealth).
Your rubbery body absorbs attacks (AC +1).
Your spells are a little easier to cast, but a little less powerful.


Message History

The orc priest calls down the wrath of Beogh upon you.
Beogh smites you! The orc hits you with a war axe! The gnoll barely misses you.
The orc priest misses you.
You release your grip on the orc priest.
The orc hits you but does no damage.
You hit the orc priest but do no damage.
You grab the orc priest.
The orc priest is almost dead.
You hit the orc.
There is a sudden explosion of sparks!
You kill the orc!
You constrict the orc priest, but do no damage.
The orc priest invokes the aid of Beogh against you.
Beogh smites you!
* * * LOW HITPOINT WARNING * * *
The gnoll closely misses you.
You release your grip on the orc priest.
The orc priest hits you but does no damage.
The orc priest mumbles some strange prayers to Beogh against you.
Pain shoots through your body!
You die...

#######################
............##........#
......).....##........#
............##........#########
............##..@.og..g........
............##.................
............##........##)##.#####
............##........# .# ..
............##........# (g ..
##.########.##........# #.. ..
#.########.##........# ... ..
#..........##........# #..g ..
#.########.##........# ...g ..


You could see an orc priest and 2 gnolls.

Vanquished Creatures
  Grinder (D:5)
  Duvessa (D:4)
  2 centaurs (D:5)
  An ogre (D:5)
  Dowan (D:4)
  2 scorpions
  2 orc priests (D:5)
  3 hounds
  A giant frog skeleton (D:4)
  A giant frog zombie (D:5)
  An orc wizard (D:5)
  A gnoll shaman (D:5)
  4 worker ants
  A worker ant zombie (D:5)
  15 gnolls
  3 adders (D:2)
  2 oozes (D:2)
  An adder skeleton (D:4)
  A worm (D:5)
  3 giant geckos
  18 orcs
  7 bats
  A giant cockroach (D:1)
  5 goblins
  5 hobgoblins
  7 jackals
  5 kobolds
  A quokka (D:4)
  2 ball pythons (D:3)
  4 giant newts
  A jackal skeleton (D:5)
  11 rats
114 creatures vanquished.

Notes
Turn   | Place    | Note
--------------------------------------------------------------
     0 | D:1      | Oddball22 the Octopode Venom Mage began the quest for the Orb.
     0 | D:1      | Reached XP level 1. HP: 11/11 MP: 3/3
   484 | D:1      | Reached skill level 5 in Poison Magic
   527 | D:1      | Reached XP level 2. HP: 17/17 MP: 3/5
   531 | D:1      | Learned a level 2 spell: Cure Poison
   961 | D:2      | Reached XP level 3. HP: 11/21 MP: 3/6
  1574 | D:2      | Learned a level 3 spell: Mephitic Cloud
  1905 | D:1      | Reached XP level 4. HP: 27/27 MP: 8/8
  1928 | D:2      | Found a basalt altar of Yredelemnul.
  1966 | D:2      | Found a faded altar to an unknown god.
  2004 | D:2      | Reached skill level 1 in Conjurations
  2216 | D:2      | Found a radiant altar of Vehumet.
  2827 | D:3      | Reached XP level 5. HP: 31/31 MP: 7/9
  3005 | D:3      | Learned a level 4 spell: Olgreb's Toxic Radiance
  3465 | D:3      | Noticed emkar's ghost (amateur GrEE)
  3506 | D:4      | Reached skill level 1 in Air Magic
  3634 | D:4      | Noticed Duvessa
  3634 | D:4      | Noticed Dowan
  3647 | D:4      | Killed Duvessa
  3647 | D:4      | Reached skill level 5 in Stealth
  3647 | D:4      | Reached XP level 6. HP: 31/36 MP: 2/11
  3658 | D:4      | Gained mutation: Your spells are a little easier to cast, but a little less powerful. [potion of mutation]
  3658 | D:4      | Gained mutation: You are dopey. (Int -2) [potion of mutation]
  3658 | D:4      | Lost mutation: You are dopey. (Int -2) [potion of mutation]
  3682 | D:4      | Killed Dowan
  3801 | D:4      | Reached skill level 6 in Poison Magic
  3969 | D:4      | Found an opulent altar of Gozag.
  4067 | D:4      | Reached XP level 7. HP: 35/41 MP: 11/13
  4146 | D:4      | Found a sparkling altar of Nemelex Xobeh.
  4651 | D:5      | Entered Level 5 of the Dungeon
  4651 | D:5      | Noticed Grinder
  4654 | D:5      | Paralysed by Grinder for 7 turns
  5054 | D:5      | Found a burning altar of Makhleb.
  5823 | D:5      | Reached skill level 5 in Spellcasting
  5823 | D:5      | Reached XP level 8. HP: 6/46 MP: 12/15
  6203 | D:5      | Learned a level 5 spell: Venom Bolt
  6230 | D:5      | Found a staircase to the Ecumenical Temple.
  6259 | Temple   | Entered the Ecumenical Temple
  6266 | Temple   | Became a worshipper of Sif Muna the Loreminder
  6364 | D:5      | Paralysed by Grinder for 7 turns
  6379 | D:5      | Killed Grinder
  6379 | D:5      | Reached skill level 7 in Poison Magic
  6549 | D:5      | Killed from afar by an orc priest

Vault maps used:
D:1:      evilmike_arrival_rings
D:2:      vehumet_crystals, yredelemnul_altar_generic, ecumenical_altar_1,
          kennysheep_generic_room_13
D:3:      first_bread
D:4:      nemelex_xobeh_ov_fountains_minmay, grunt_gozag_statues, uniq_duvessa
D:5:      lemuel_doored_altar, minmay_temple_entry_statues_fountains,
          uniq_grinder
Temple:   circular_temple_13

Action                   |  1- 3 |  4- 6 |  7- 9 || total
-------------------------+-------+-------+-------++-------
Melee: Unarmed           |    26 |       |       ||    26
       War axe           |     8 |    70 |    54 ||   132
 Fire: Blowgun           |       |       |    12 ||    12
 Cast: Sting             |    41 |    57 |    73 ||   171
       Cure Poison       |       |     4 |     2 ||     6
       Mephitic Cloud    |       |     1 |       ||     1
       Olgreb's Toxic Ra |       |       |     1 ||     1
  Use: Scroll            |     3 |     1 |       ||     4
       Potion            |       |     5 |       ||     5
 Stab: Sleeping          |     1 |     3 |     1 ||     5
       Confused          |       |     1 |       ||     1
       Distracted        |       |       |     1 ||     1
  Eat: Chunk             |     3 |     7 |     6 ||    16
       Royal jelly       |       |       |     1 ||     1
